 Dungeon Crawl Stone Soup version 0.31.0-11-ge490571c62 (webtiles) character file.

Game seed: 1916697868291150439

77041 AlmostDecent the Thaumaturge (level 15, -2/117 HPs)
             Began as a Gnoll Ice Elementalist on Jan 31, 2024.
             Was the Champion of Vehumet.
             Killed from afar by Frances (35 damage)
             ... with a shard of ice
             ... on level 12 of the Dungeon on Feb 2, 2024.
             The game lasted 02:35:42 (21837 turns).

AlmostDecent the Thaumaturge (GnIE)                Turns: 21837, Time: 02:35:42

Health: -2/117     AC: 13    Str:  7    XL:     15   Next: 55%
Magic:  33/39      EV: 19    Int: 23    God:    Vehumet [******]
Gold:   3152       SH:  5    Dex: 21    Spells: 8/37 levels left

rFire   . . .        c - +11 arbalest of Vengeance {penet, Int+3}
rCold   . . .        (shield currently unavailable)
rNeg    . . .        d - +1 troll leather armour {Snorg}
rPois   .            p - +0 helmet
rElec   .            R - +0 cloak of the Viny God {MP+9 Stlth+}
rCorr   .            G - +2 pair of gloves
SInv    +            k - +0 pair of boots
Will    +....        O - amulet of reflection
Stlth   ++++++       V - +6 ring of dexterity
HPRegen 1.19/turn    b - ring of see invisible
MPRegen 0.26/turn

%: reflection
@: freezing walls, animating dead
A: fangs 1, strong nose, distributed training
a: Renounce Religion


You were on level 12 of the Dungeon.
You worshipped Vehumet.
Vehumet was exalted by your worship.
You visited 4 branches of the dungeon, and saw 20 of its levels.
You also visited: Ossuary, Gauntlet and Ice Cave.

You collected 3698 gold pieces.
You spent 546 gold pieces at shops.

Inventory:

Hand Weapons
 a - the +8 hand axe "Hydraslayer" {venom, rF++ rCorr}
   (You found it on level 1 of the Orcish Mines)

   rF++:      It greatly protects you from fire.
   rCorr:     It protects you from acid and corrosion.
 c - the +11 arbalest of Vengeance (weapon) {penet, Int+3}
   (You found it on level 1 of the Orcish Mines)

   Int+3:     It affects your intelligence (+3).
 j - the +7 scimitar "Widowermaker" {drain, rCorr Int+2 Dex+3}
   (You found it on level 1 of the Orcish Mines)

   Int+2:     It affects your intelligence (+2).
   Dex+3:     It affects your dexterity (+3).
   rCorr:     It protects you from acid and corrosion.
 s - the +11 hammer "Zuefohowk" {flame, rPois}
   (You found it on level 3 of the Dungeon)

   rPois:     It protects you from poison
 T - the +8 halberd "Pirrez" {holy, rCorr Str+3 Int+2}
   (You found it in a Gauntlet)

   Str+3:     It affects your strength (+3).
   Int+2:     It affects your intelligence (+2).
   rCorr:     It protects you from acid and corrosion.
Missiles
 K - 3 throwing nets
Armour
 d - a +1 troll leather armour (worn) {Snorg}
 k - a +0 pair of boots (worn)
 m - the +3 leather armour of Optimism {-Cast rPois Regen+}
   (You bought it in a shop on level 2 of the Orcish Mines)

   rPois:     It protects you from poison -Cast: It prevents spellcasting.
   Regen+:    It increases your rate of health regeneration.
 p - a +0 helmet (worn)
 v - a +5 kite shield
 G - a +2 pair of gloves (worn)
 H - the +5 ring mail of the Sneaky Knives {rPois Will+}
   (You acquired it on level 7 of the Dungeon)

   rPois:     It protects you from poison Will+: It increases your willpower.
 R - the +0 cloak of the Viny God (worn) {MP+9 Stlth+}
   (You found it in a Gauntlet)

   MP+9:      It affects your magic capacity (+9).
   Stlth+:    It makes you more stealthy.
 U - the +0 cloak of Elyvilon's Displeasure {rF+}
   (You found it in a Gauntlet)

   rF+:       It protects you from fire.
Jewellery
 b - a ring of see invisible (right hand)
 e - a ring of ice
 h - a ring of fire
 O - an amulet of reflection (around neck)
 V - a +6 ring of dexterity (left hand)
Talismans
 n - a serpent talisman
Wands
 o - a wand of flame (120)
 u - a wand of mindburst (15)
 I - a wand of charming (17)
 P - a wand of iceblast (14)
Scrolls
 f - 3 scrolls of revelation
 g - 2 scrolls of amnesia
 i - 2 scrolls of poison
 l - 2 scrolls of immolation
 q - 2 scrolls of torment
 r - 5 scrolls of vulnerability
 x - 2 scrolls of fog
 y - 3 scrolls of brand weapon
 z - 2 scrolls of enchant armour
 C - 4 scrolls of noise
 D - 2 scrolls of blinking
 F - 4 scrolls of teleportation
 L - 7 scrolls of identify
 N - 3 scrolls of enchant weapon
Potions
 t - 3 potions of curing
 w - 4 potions of invisibility
 A - 3 potions of mutation
 B - 4 potions of brilliance
 E - 2 potions of attraction
 J - 2 potions of enlightenment
 M - 2 potions of lignification
 Q - 2 potions of cancellation
 W - 3 potions of haste
Miscellaneous
 S - a phial of floods


   Skills:
 + Level 10.5 Fighting
 + Level 10.5 Short Blades
 + Level 10.5 Long Blades
 + Level 10.5 Axes
 + Level 10.5 Maces & Flails
 + Level 10.5 Polearms
 + Level 10.5 Staves
 + Level 10.5 Ranged Weapons
 + Level 10.5 Throwing
 + Level 10.5 Armour
 + Level 11.5 Dodging
 + Level 11.3 Stealth
 + Level 10.5 Shields
 + Level 10.5 Unarmed Combat
 + Level 11.6 Spellcasting
 + Level 8.8 Conjurations
 + Level 8.8 Hexes
 + Level 8.8 Summonings
 + Level 8.8 Necromancy
 + Level 8.8 Translocations
 + Level 8.8 Fire Magic
 + Level 11.3 Ice Magic
 + Level 8.8 Air Magic
 + Level 8.8 Earth Magic
 + Level 8.8 Alchemy
 + Level 11.4 Invocations
 + Level 10.5 Evocations
 + Level 9.7 Shapeshifting


You had 8 spell levels left.
You knew the following spells:

 Your Spells              Type           Power      Damage    Failure   Level
a - Freeze                Ice            100%       1d10      1%          1
b - Frozen Ramparts       Ice            100%       1d16      1%          3
c - Summon Ice Beast      Ice/Summ       56%        N/A       1%          3
d - Ozocubu's Armour      Ice            60%        N/A       1%          3
e - Blink                 Tloc           100%       N/A       1%          2
f - Mephitic Cloud        Conj/Alch/Air  53%        N/A       1%          3
g - Ignite Poison         Fire/Alch      53%        N/A       1%          4
h - Eringya's Noxious Bo  Alch           26%        4d6       7%          6
i - Animate Dead          Necr           53%        N/A       1%          4

Your spell library contained the following spells:

 Spells                   Type           Power      Damage    Failure   Level
 Yara's Violent Unravell  Hex/Alch       26%        3d11      1%          5
 Foxfire                  Conj/Fire      100%       2x1d9     1%          1
 Necrotise                Necr           100%       1d9       1%          1
 Ensorcelled Hibernation  Hex/Ice        100%       N/A       1%          2
 Lesser Beckoning         Tloc           100%       N/A       1%          2
 Momentum Strike          Conj/Tloc      100%       3d10      1%          2
 Call Canine Familiar     Summ           53%        N/A       1%          3
 Fugue of the Fallen      Necr           53%        N/A       1%          3
 Sigil of Binding         Hex            53%        N/A       1%          3
 Tukima's Dance           Hex            53%        N/A       1%          3
 Anguish                  Hex/Necr       26%        N/A       1%          4
 Dimensional Bullseye     Hex/Tloc       26%        N/A       1%          4
 Iskenderun's Mystic Bla  Conj/Tloc      53%        2d11      1%          4
 Petrify                  Alch/Erth      53%        N/A       1%          4
 Borgnjor's Vile Clutch   Necr/Erth      26%        N/A       4%          5
 Plasma Beam              Fire/Air       26%        2x1d39    7%          6
 Starburst                Conj/Fire      26%        6d8       7%          6
 Death Channel            Necr           26%        N/A       26%         6
 Chain Lightning          Conj/Air       26%        3d35      100%        9
 Fire Storm               Conj/Fire      26%        8d7       100%        9
 Shatter                  Erth           26%        3d22*     100%        9


Dungeon Overview and Level Annotations

Branches:
Dungeon (12/15)            Temple (1/1) D:4            Lair (5/5) D:9
  Swamp (0/4) Lair:2        Snake (0/4) Lair:3        Slime (0/5) Lair:5
    Orc (2/2) D:9             Elf (0/3) Orc:2       Ossuary (visited)
  IceCv (visited)         Gauntlet (visited)

Altars:
Ashenzari
Cheibriados
Dithmenos
Elyvilon
Fedhas
Gozag
Hepliaklqana
Kikubaaqudgha
Makhleb
Nemelex Xobeh
Okawaru
Qazlal
Ru
Sif Muna
Trog
Uskayaw
Vehumet
Wu Jian
Xom
Yredelemnul
Zin
The Shining One
Jiyva

Shops:
D:6 !   Orc:2 ?((*

Annotations:
D:12 Frances
Lair:4 2 transporters


Innate Abilities, Weirdness & Mutations

You have very sharp teeth.
Your uncanny sense of smell can sniff out nearby items.
Your experience applies equally to all skills.


Message History

Frances hits you with a +0 mace!
The wall freezes Frances but does no damage.
Frances misses you.
You are too injured to fight recklessly!
Fire: c) +11 arbalest of Vengeance {penet, Int+3}
Press: ? - help, Q - select action, (/) - cycle Shift-Dir - straight line, f/p - Frances
Aim: Frances, wielding a +0 mace and wearing a +0 chain mail of cold resistance (severely wounded, fast, 80% to hit)
You shoot a bolt. The bolt pierces through Frances.
Frances is severely wounded.
The wall freezes Frances but does no damage.
Frances hits you with a +0 mace!!
Frances resists.
The wall freezes Frances.
Frances mutters in a terrible tongue.
The shard of ice misses you.
Fire: c) +11 arbalest of Vengeance {penet, Int+3}
Press: ? - help, Q - select action, (/) - cycle Shift-Dir - straight line, f/p - Frances
Aim: Frances, wielding a +0 mace and wearing a +0 chain mail of cold resistance (severely wounded, fast, 80% to hit)
You shoot a bolt. The bolt pierces through Frances!!
Frances is almost dead.
The frozen ramparts melt away.
Frances screams a word of power!
Frances chants phrases taken from a devil's mouth.
Casting: Frozen Ramparts (safe; 1% risk of failure)
Confirm with . or Enter, or press ? or * to list all spells.
Casting: Frozen Ramparts (safe; 1% risk of failure)
Press: ? - help, Dir - look around, f - activate The walls around you are covered in ice.
Frances resists.
The wall freezes Frances.
Frances hits you with a +0 mace!
* * * LOW HITPOINT WARNING * * *
Frances resists.
The wall freezes Frances.
You block Frances's attack.
Fire: c) +11 arbalest of Vengeance {penet, Int+3}
Press: ? - help, Q - select action, (/) - cycle Shift-Dir - straight line, f - Frances
Aim: Frances, wielding a +0 mace and wearing a +0 chain mail of cold resistance (almost dead, fast, 80% to hit)
You shoot a bolt. The bolt pierces through Frances!
Frances is almost dead.
The bolt pierces through the ice devil!
The ice devil is lightly wounded.
Frances resists.
The wall freezes Frances.
Frances whispers indecipherable words.
The shard of ice hits you!!
You die...

'.......#
#.#
#.......#
#.#
#.......#
#.#
#########
#.# ##.#
#..# #.##
#.# #@#
#@#


443 ###. ..... .... #../... #### #....... ###+##### You could see Frances
(fast), an orange demon (summoned), an ice devil (summoned) and a neqoxec
(summoned).

Vanquished Creatures
  Gastronok (D:8)
  An orc warlord (Orc:1)
  A stone giant (Orc:1)
  A minotaur (Gauntlet)
  Snorg (D:10)
  2 ettins (Orc:1)
  A fire dragon (Lair:5)
  2 hydras
  2 centaur warriors
  Erica (D:9)
  An alligator (Lair:2)
  3 two-headed ogres
  A titan zombie (Orc:1)
  2 orc high priests (Orc:1)
  4 skeletal warriors (D:12)
  6 orc knights
  A lindwurm (Lair:5)
  A salamander (Lair:3)
  A stone giant zombie (Orc:1)
  10 cyclopes (Orc:1)
  Maurice (Orc:2)
  4 kobold blastminers
  A worldbinder (Gauntlet)
  3 ice statues
  Joseph (D:8)
  9 elephants
  A gargoyle (D:12)
  6 black mambas
  A torpor snail (Gauntlet)
  3 molten gargoyles (Lair:5)
  An unseen horror (D:9)
  11 cane toads
  3 kobold demonologists (D:11)
  2 ice devils (IceCv)
  5 rime drakes
  11 komodo dragons
  A freezing wraith (Lair:4)
  Psyche (D:12)
  6 trolls
  6 polar bears
  A hornet (D:9)
  6 blink frogs
  5 dream sheep
  2 shadows (D:11)
  3 wraiths
  2 vampires (D:12)
  3 basilisks
  30 yaks
  4 wyverns
  2 wargs (Orc:1)
  2 steam dragons
  Menkaure (Ossuary)
  2 nagas (Lair:3)
  An acid dragon (D:12)
  19 water moccasins
  4 hell hounds (Lair:5)
  8 ice beasts (Lair:4)
  28 orc warriors
  3 sky beasts
  A black bear (D:8)
  11 ogres
  15 wolves
  17 centaurs
  4 phantoms
  4 kobold brigands
  6 bullfrogs
  4 scorpions
  15 wights
  11 killer bees
  4 howler monkeys
  A bombardier beetle (D:4)
  An electric eel (Lair:4)
  4 lava snakes (Lair:5)
  6 crimson imps (D:7)
  3 hounds
  3 gnoll boudas
  4 jellies
  11 orc priests
  Crazy Yiuf (D:3)
  3 sleepcaps
  4 hell rats (Lair:2)
  Terence (D:3)
  18 orc wizards
  A troll simulacrum (IceCv)
  2 mummies (Ossuary)
  12 gnolls
  8 adders
  2 naga simulacra (IceCv)
  3 shadow imps (D:7)
  5 white imps
  3 ufetubi
  5 dart slugs
  65 orcs
  10 ball pythons
  8 bats
  2 endoplasms
  3 giant cockroaches
  8 goblins
  7 hobgoblins
  20 kobolds
  A quokka (D:1)
  4 frilled lizards
  6 gnoll skeletons (Ossuary)
  3 gnoll zombies (Ossuary)
  2 goblin skeletons (Ossuary)
  2 goblin zombies (Ossuary)
  A hobgoblin skeleton (Ossuary)
  2 hobgoblin zombies (Ossuary)
  5 kobold skeletons (Ossuary)
  5 kobold zombies
  2 orc skeletons (Ossuary)
  7 orc zombies
  2 quokka zombies (D:7)
  8 rats
  5 rat skeletons (Ossuary)
  8 rat zombies (Ossuary)
625 creatures vanquished.

Vanquished Creatures (collateral kills)
  Harold (D:9)
  A catoblepas (Lair:5)
  Nergalle (Lair:2)
  A stone giant zombie (Orc:1)
  3 cyclopes (Orc:1)
  An elephant (Lair:5)
  An apocalypse crab (Gauntlet)
  A black mamba (Lair:5)
  2 komodo dragons (Lair:5)
  A polar bear (Lair:4)
  3 blink frogs
  A troll (D:11)
  6 yaks
  2 wargs (Orc:1)
  A steam dragon (D:6)
  Edmund (D:4)
  A hell hound (Lair:5)
  A water moccasin (Lair:5)
  8 orc warriors
  An ice beast (Lair:4)
  An ogre (Orc:1)
  A boggart (Gauntlet)
  2 centaurs
  A phantom (D:5)
  2 kobold brigands
  A cyclops zombie (Orc:1)
  A wight (D:6)
  A jelly (D:6)
  A lava snake (Lair:5)
  An orc priest (Orc:2)
  A gnoll bouda (D:5)
  Ijyb (D:4)
  2 orc wizards
  A mummy (Ossuary)
  Robin (D:2)
  10 gnolls
  A ribbon worm (D:2)
  11 orcs
  4 goblins (D:2)
  A hobgoblin (D:2)
  A ball python (D:4)
  2 goblin skeletons (Ossuary)
  5 kobolds
  A kobold skeleton (Ossuary)
  An orc skeleton (Ossuary)
  2 orc zombies (Orc:2)
95 creatures vanquished.

Vanquished Creatures (others)
  2 black mamba zombies (Lair:5)
  A swamp drake (Lair:2)
  6 kobold zombies
  2 komodo dragon zombies (Lair:5)
  A wyvern zombie (Lair:5)
  6 cyclops zombies (Orc:1)
  A warg zombie (Orc:1)
  A human zombie (D:12)
  2 yak zombies (D:11)
  2 wolf zombies (Orc:1)
  10 centaur zombies
  An orc wizard (Orc:2)
  4 lava snake zombies (Lair:5)
  42 orc zombies
81 creatures vanquished.

Grand Total: 801 creatures vanquished

Notes
Turn   | Place    | Note
-------+----------+-------------------------------------------
     0 | D:1      | AlmostDecent the Gnoll Ice Elementalist began the quest for
                  | the Orb.
     0 | D:1      | Reached XP level 1. HP: 13/13 MP: 6/6
   184 | D:1      | Reached XP level 2. HP: 19/19 MP: 4/7
   684 | D:1      | Reached skill level 5 in Spellcasting
   684 | D:1      | Reached XP level 3. HP: 25/25 MP: 6/9
   688 | D:1      | Learned a level 3 spell: Frozen Ramparts
   692 | D:1      | Learned a level 3 spell: Summon Ice Beast
   696 | D:1      | Learned a level 3 spell: Ozocubu's Armour
   835 | D:1      | Reached skill level 1 in Invocations
  1650 | D:2      | Noticed Robin
  1668 | D:2      | Reached skill level 1 in Fighting
  1668 | D:2      | Reached skill level 1 in Short Blades
  1668 | D:2      | Reached skill level 1 in Long Blades
  1668 | D:2      | Reached skill level 1 in Axes
  1668 | D:2      | Reached skill level 1 in Maces & Flails
  1668 | D:2      | Reached skill level 1 in Polearms
  1668 | D:2      | Reached skill level 1 in Staves
  1668 | D:2      | Reached skill level 1 in Ranged Weapons
  1668 | D:2      | Reached skill level 1 in Throwing
  1668 | D:2      | Reached skill level 1 in Armour
  1668 | D:2      | Reached skill level 1 in Shields
  1668 | D:2      | Reached skill level 1 in Unarmed Combat
  1668 | D:2      | Reached skill level 1 in Evocations
  1669 | D:2      | Reached skill level 1 in Shapeshifting
  1669 | D:2      | Reached XP level 4. HP: 32/32 MP: 3/11
  1679 | D:2      | Reached skill level 1 in Conjurations
  1679 | D:2      | Reached skill level 1 in Hexes
  1679 | D:2      | Reached skill level 1 in Summonings
  1679 | D:2      | Reached skill level 1 in Necromancy
  1679 | D:2      | Reached skill level 1 in Translocations
  1679 | D:2      | Reached skill level 1 in Fire Magic
  1679 | D:2      | Reached skill level 1 in Air Magic
  1679 | D:2      | Reached skill level 1 in Earth Magic
  1679 | D:2      | Reached skill level 1 in Alchemy
  1786 | D:2      | Reached XP level 5. HP: 36/37 MP: 6/12
  2034 | D:2      | Killed Robin
  2371 | D:3      | Noticed Terence
  2450 | D:3      | Reached XP level 6. HP: 7/44 MP: 4/14
  2751 | D:3      | Identified the +11 hammer "Zuefohowk" {flame, rPois}
  2766 | D:3      | Found a runed translucent door.
  2767 | D:3      | Noticed Crazy Yiuf
  2776 | D:3      | Killed Crazy Yiuf
  2777 | D:3      | Reached skill level 5 in Dodging
  2869 | D:3      | Killed Terence
  3425 | D:4      | Noticed Ijyb
  3437 | D:4      | Killed Ijyb
  3504 | D:4      | Found a staircase to the Ecumenical Temple.
  3545 | Temple   | Entered the Ecumenical Temple
  3581 | Temple   | Became a worshipper of Vehumet
  3655 | D:4      | Noticed Edmund
  3679 | D:4      | Killed Edmund
  3680 | D:4      | Reached XP level 7. HP: 51/51 MP: 2/15
  4083 | D:4      | Found a hide-covered altar of Uskayaw.
  4130 | D:5      | Entered Level 5 of the Dungeon
  4160 | D:5      | Reached skill level 5 in Stealth
  4251 | D:5      | Learned a level 2 spell: Blink
  4476 | D:5      | Reached XP level 8. HP: 58/58 MP: 10/16
  4485 | D:5      | Reached * piety under Vehumet
  4485 | D:5      | Offered knowledge of Kiss of Death by Vehumet.
  5299 | D:6      | Reached XP level 9. HP: 65/65 MP: 11/18
  5681 | D:6      | Found Tofoz's Distillery.
  5697 | D:6      | Bought a potion of heal wounds for 50 gold pieces
  5697 | D:6      | Bought a potion of curing for 30 gold pieces
  5790 | D:6      | Reached ** piety under Vehumet
  5790 | D:6      | Offered knowledge of Searing Ray by Vehumet.
  5929 | D:6      | Found a sacrificial altar of Ru.
  6055 | D:7      | Reached skill level 5 in Invocations
  6179 | D:7      | Found a sand-covered staircase.
  6189 | Ossuary  | Entered an ossuary
  6225 | Ossuary  | Offered knowledge of Mephitic Cloud by Vehumet.
  6241 | Ossuary  | Learned a level 3 spell: Mephitic Cloud
  6289 | Ossuary  | Reached *** piety under Vehumet
  6431 | Ossuary  | Offered knowledge of Ignite Poison by Vehumet.
  6440 | Ossuary  | Learned a level 4 spell: Ignite Poison
  6479 | Ossuary  | Noticed Menkaure
  6498 | Ossuary  | Killed Menkaure
  6785 | D:7      | Identified a scroll of acquirement
  6824 | D:7      | Reached **** piety under Vehumet
  6877 | D:7      | Reached skill level 5 in Fighting
  6877 | D:7      | Reached skill level 5 in Short Blades
  6877 | D:7      | Reached skill level 5 in Long Blades
  6877 | D:7      | Reached skill level 5 in Axes
  6877 | D:7      | Reached skill level 5 in Maces & Flails
  6877 | D:7      | Reached skill level 5 in Polearms
  6877 | D:7      | Reached skill level 5 in Staves
  6877 | D:7      | Reached skill level 5 in Ranged Weapons
  6877 | D:7      | Reached skill level 5 in Throwing
  6877 | D:7      | Reached skill level 5 in Armour
  6877 | D:7      | Reached skill level 5 in Shields
  6877 | D:7      | Reached skill level 5 in Unarmed Combat
  6877 | D:7      | Reached skill level 5 in Evocations
  6877 | D:7      | Reached XP level 10. HP: 74/74 MP: 20/20
  7042 | D:7      | Acquired the +5 ring mail of the Sneaky Knives {rPois
                  | Will+}
  7114 | D:7      | Offered knowledge of Lee's Rapid Deconstruction by Vehumet.
  7620 | D:8      | Noticed Joseph
  7623 | D:8      | Noticed Gastronok
  7887 | D:8      | Killed Gastronok
  7888 | D:8      | Reached skill level 5 in Shapeshifting
  7891 | D:8      | Killed Joseph
  8231 | D:9      | Found a staircase to the Lair.
  8781 | D:9      | Noticed a two-headed ogre
  8786 | D:9      | Killed an unseen horror
  8787 | D:9      | Reached skill level 5 in Conjurations
  8787 | D:9      | Reached skill level 5 in Hexes
  8787 | D:9      | Reached skill level 5 in Summonings
  8787 | D:9      | Reached skill level 5 in Necromancy
  8787 | D:9      | Reached skill level 5 in Translocations
  8787 | D:9      | Reached skill level 5 in Fire Magic
  8787 | D:9      | Reached skill level 5 in Air Magic
  8787 | D:9      | Reached skill level 5 in Earth Magic
  8787 | D:9      | Reached skill level 5 in Alchemy
  8787 | D:9      | Reached XP level 11. HP: 61/81 MP: 16/22
  8791 | D:9      | Killed a two-headed ogre
  8791 | D:9      | Reached ***** piety under Vehumet
  8791 | D:9      | Offered knowledge of Ozocubu's Refrigeration by Vehumet.
  8791 | D:9      | Noticed Harold
  9328 | D:9      | Noticed Erica
  9347 | D:9      | Killed Erica
  9597 | D:9      | Found a staircase to the Orcish Mines.
  9713 | D:9      | Killed Harold
 10153 | D:10     | Entered Level 10 of the Dungeon
 10185 | D:10     | Noticed a centaur warrior
 10210 | D:10     | Killed a centaur warrior
 10216 | D:10     | Noticed Snorg
 10268 | D:10     | Killed Snorg
 11138 | Lair:1   | Entered Level 1 of the Lair of Beasts
 11406 | Lair:1   | Reached XP level 12. HP: 75/91 MP: 24/24
 12297 | Lair:2   | Found a staircase to the Swamp.
 12297 | Lair:2   | Noticed an alligator
 12333 | Lair:2   | Killed an alligator
 12419 | Lair:2   | Offered knowledge of Conjure Ball Lightning by Vehumet.
 12751 | Lair:2   | Noticed Nergalle
 12768 | Lair:2   | Killed Nergalle
 12975 | Lair:3   | Found a staircase to the Snake Pit.
 13308 | Lair:3   | Noticed a six-headed hydra
 13322 | Lair:3   | Killed a six-headed hydra
 13436 | Lair:3   | Reached XP level 13. HP: 98/98 MP: 26/26
 13766 | Lair:4   | Reached skill level 10 in Ice Magic
 14261 | Lair:4   | Got Mytwemen's Collected Works on Volcanic Death
 14333 | Lair:4   | Found a transporter.
 14404 | Lair:4   | Offered knowledge of Eringya's Noxious Bog by Vehumet.
 14486 | Lair:4   | Reached skill level 10 in Spellcasting
 14756 | Lair:4   | Learned a level 6 spell: Eringya's Noxious Bog
 14845 | Lair:4   | Found a transporter.
 15301 | Lair:5   | Entered Level 5 of the Lair of Beasts
 15314 | Lair:5   | Found a frozen archway.
 15383 | Lair:5   | Found a gate leading to a gauntlet.
 15411 | Gauntlet | Entered a Gauntlet
 15411 | Gauntlet | Found a transporter.
 15418 | Gauntlet | Found a transporter.
 15420 | Gauntlet | Found a transporter.
 15424 | Gauntlet | Found a runed translucent door.
 15424 | Gauntlet | Found a runed translucent door.
 15438 | Gauntlet | Found a transporter.
 15440 | Gauntlet | Found a transporter.
 15453 | Gauntlet | Found a transporter.
 15469 | Gauntlet | Found a runed translucent gate.
 15470 | Gauntlet | Found a transporter.
 15470 | Gauntlet | Found a runed translucent gate.
 15471 | Gauntlet | Found a runed translucent gate.
 15480 | Gauntlet | Found a transporter.
 15490 | Gauntlet | Found a transporter.
 15505 | Gauntlet | Found a transporter.
 15515 | Gauntlet | Found a transporter.
 15520 | Gauntlet | Found a transporter.
 15615 | Gauntlet | Found a transporter.
 15644 | Gauntlet | Found a transporter.
 15787 | Gauntlet | Noticed a cyan very ugly thing
 15788 | Gauntlet | Noticed a red very ugly thing
 15859 | Gauntlet | Reached skill level 10 in Dodging
 15902 | Gauntlet | Identified the +0 cloak of the Viny God {MP+9 Stlth+}
 15974 | Gauntlet | Noticed a minotaur
 15989 | Gauntlet | Killed a minotaur
 16001 | Gauntlet | Identified the +8 halberd "Pirrez" {holy, rCorr Str+3
                  | Int+2}
 16001 | Gauntlet | Identified the +0 cloak of Elyvilon's Displeasure {rF+}
 16055 | IceCv    | Entered an ice cave
 16063 | IceCv    | Acquired 809 gold pieces
 16448 | Lair:5   | Reached skill level 10 in Stealth
 16917 | Lair:5   | Found a staircase to the Slime Pits.
 16917 | Lair:5   | Found a viscous altar of Jiyva.
 16921 | Lair:5   | Reached skill level 10 in Invocations
 16921 | Lair:5   | Reached XP level 14. HP: 46/108 MP: 28/28
 17236 | Lair:5   | Learned a level 4 spell: Animate Dead
 17618 | Lair:5   | Offered knowledge of Spellforged Servitor by Vehumet.
 17624 | Lair:5   | Found a large runed translucent door.
 17624 | Lair:5   | Found a large runed translucent door.
 18035 | Orc:1    | Entered Level 1 of the Orcish Mines
 18044 | Orc:1    | Noticed an orc warlord
 18072 | Orc:1    | Killed an orc warlord
 18728 | Orc:1    | Noticed a stone giant
 18736 | Orc:1    | Killed a stone giant
 18737 | Orc:1    | Reached skill level 10 in Fighting
 18737 | Orc:1    | Reached skill level 10 in Short Blades
 18737 | Orc:1    | Reached skill level 10 in Long Blades
 18737 | Orc:1    | Reached skill level 10 in Axes
 18737 | Orc:1    | Reached skill level 10 in Maces & Flails
 18737 | Orc:1    | Reached skill level 10 in Polearms
 18737 | Orc:1    | Reached skill level 10 in Staves
 18737 | Orc:1    | Reached skill level 10 in Ranged Weapons
 18737 | Orc:1    | Reached skill level 10 in Throwing
 18737 | Orc:1    | Reached skill level 10 in Armour
 18737 | Orc:1    | Reached skill level 10 in Shields
 18737 | Orc:1    | Reached skill level 10 in Unarmed Combat
 18737 | Orc:1    | Reached skill level 10 in Evocations
 18742 | Orc:1    | Identified the +8 war axe of the Bruised Gods {pain, *Slow
                  | rC+ Str+6}
 18744 | Orc:1    | Identified the +8 hand axe "Hydraslayer" {venom, rF++
                  | rCorr}
 18746 | Orc:1    | Identified the +11 arbalest of Vengeance {penet, Int+3}
 18752 | Orc:1    | Identified the +7 scimitar "Widowermaker" {drain, rCorr
                  | Int+2 Dex+3}
 18753 | Orc:1    | Identified the +1 rapier of the Key {freeze, Dex+2 SInv}
 19046 | Orc:1    | Offered knowledge of Fireball by Vehumet.
 19047 | Orc:1    | Reached XP level 15. HP: 115/115 MP: 30/30
 19759 | Orc:2    | Entered Level 2 of the Orcish Mines
 19801 | Orc:2    | Reached ****** piety under Vehumet
 19828 | Orc:2    | Found Powk's Weapon Boutique.
 19828 | Orc:2    | Found Nyfanoacw's Weapon Emporium.
 19830 | Orc:2    | Found Viulosett's Assorted Antiques.
 19832 | Orc:2    | Found Cof Xyla's Magic Scroll Shop.
 19900 | Orc:2    | Bought a twisted leather armour for 238 gold pieces
 19900 | Orc:2    | Identified the +3 leather armour of Optimism {-Cast rPois
                  | Regen+} (You bought it in a shop on level 2 of the Orcish
                  | Mines)
 19905 | Orc:2    | Bought a scroll of blinking for 90 gold pieces
 19905 | Orc:2    | Bought a scroll of revelation for 90 gold pieces
 19905 | Orc:2    | Bought a scroll of amnesia for 48 gold pieces
 20009 | Orc:2    | Noticed Maurice
 20040 | Orc:2    | Killed Maurice
 20181 | Orc:2    | Offered knowledge of Yara's Violent Unravelling by Vehumet.
 20197 | Orc:2    | Found a staircase to the Elven Halls.
 21636 | D:12     | Noticed Psyche
 21638 | D:12     | Killed Psyche
 21716 | D:12     | Your ally Psyche died
 21825 | D:12     | Noticed Frances
 21837 | D:12     | Killed from afar by Frances

Illustrated notes

Levels and vault maps discovered:
D:1:      moated_graveyard_arrival, layout_loops_corners
D:2:      layout_basic, serial_glass, glass_columns_c, glass_columns_a,
          uniq_robin
D:3:      layout_basic, uniq_crazy_yiuf_cottage, uniq_terence
D:4:      layout_rooms, nicolae_uskayaw_dance_hall, temple_pool_b, uniq_edmund,
          uniq_ijyb
D:5:      layout_rooms
D:6:      layout_loops_ring, nicolae_ru_path_of_blood, serial_shops,
          kennysheep_little_box, minmay_misc_feat_secret_circle
D:7:      layout_loops_ring, serial_demonic, serial_demonic_d, serial_demonic_e,
          serial_demonic_g, serial_demonic_f, enter_ossuary_4, minmay_nine_imps
D:8:      layout_rooms, uniq_gastronok, uniq_joseph
D:9:      layout_gridville, lair_entry_dummy, orc_0_dummy, nrook_uturn,
          uniq_harold, uniq_erica
D:10:     layout_roguey, uniq_snorg
D:11:     layout_stronghold, minmay_misc_feat_more_columns
D:12:     layout_roguey, uniq_psyche, uniq_frances, uniq_kirke
Temple:   mainiacjoe_temple_cubbyholes
Lair:1:   layout_regular_city
Lair:2:   hellmonk_destroyed_diamonds, layout_regular_city,
          mainiacjoe_swamp_entry_lozenge_pond, dreamdust_gnoll_shepherd,
          uniq_nergalle
Lair:3:   layout_regular_city, alex1729_snake_entry_snake, serial_bayou_pond_e
Lair:4:   gammafunk_cloud_chamber, layout_layer_cave, ice2_lemuel,
          grunt_megastairs_3, infiniplex_staircase_pool
Lair:5:   cheibrodos_lair_end_hotspot, layout_gridlike, slime_entry_1,
          portal_ice_cave_entry_pillars_2, nicolae_volcano_entry_lava_flow,
          gauntlet_entry_generic
Orc:1:    giant_chief_lemuel, layout_caves, basic_altar, minmay_orc_temple_b
Orc:2:    st_orc_rangers, layout_caves, nicolae_orc_crystal_seam, uniq_maurice

Skill      XL: |  1  2  3  4  5  6  7  8  9 10 11 12 13 14 15 |
---------------+----------------------------------------------+-----
Spellcasting   | 5 6 7 8 9 10 11 | 11.6
Invocations    | 1 2 3 4 5 6 7 8 10 11 | 11.4
Fighting       | 1 2 3 5 6 7 8 9 10 | 10.5
Short Blades   | 1 2 3 5 6 7 8 9 10 | 10.5
Long Blades    | 1 2 3 5 6 7 8 9 10 | 10.5
Axes           | 1 2 3 5 6 7 8 9 10 | 10.5
Maces & Flails | 1 2 3 5 6 7 8 9 10 | 10.5
Polearms       | 1 2 3 5 6 7 8 9 10 | 10.5
Staves         | 1 2 3 5 6 7 8 9 10 | 10.5
Ranged Weapons | 1 2 3 5 6 7 8 9 10 | 10.5
Throwing       | 1 2 3 5 6 7 8 9 10 | 10.5
Armour         | 1 2 3 5 6 7 8 9 10 | 10.5
Shields        | 1 2 3 5 6 7 8 9 10 | 10.5
Unarmed Combat | 1 2 3 5 6 7 8 9 10 | 10.5
Evocations     | 1 2 3 5 6 7 8 9 10 | 10.5
Shapeshifting  | 1 2 3 4 5 6 7 8 9 |  9.7
Conjurations   | 1 2 3 4 5 6 7 8 |  8.8
Hexes          | 1 2 3 4 5 6 7 8 |  8.8
Summonings     | 1 2 3 4 5 6 7 8 |  8.8
Necromancy     | 1 2 3 4 5 6 7 8 |  8.8
Translocations | 1 2 3 4 5 6 7 8 |  8.8
Fire Magic     | 1 2 3 4 5 6 7 8 |  8.8
Air Magic      | 1 2 3 4 5 6 7 8 |  8.8
Earth Magic    | 1 2 3 4 5 6 7 8 |  8.8
Alchemy        | 1 2 3 4 5 6 7 8 |  8.8
Dodging        | 5 6 7 8 9 10 11 | 11.5
Stealth        | 5 6 7 8 9 10 11 | 11.3
Ice Magic      | 8 9 10 11 | 11.3

Action                     |  1- 3 |  4- 6 |  7- 9 | 10-12 | 13-15 || total
---------------------------+-------+-------+-------+-------+-------++-------
  Melee: Short sword       |     6 |    26 |       |       |       ||    32
         Bite              |     1 |     4 |    20 |    48 |    94 ||   167
         Mace              |       |     6 |   186 |   388 |   550 ||  1130
   Fire: Arbalest          |       |       |       |       |   256 ||   256
   Cast: Freeze            |    36 |    28 |    15 |    13 |       ||    92
         Frozen Ramparts   |     3 |    14 |    27 |    45 |    61 ||   150
         Summon Ice Beast  |     1 |     9 |    17 |    26 |    39 ||    92
         Ozocubu's Armour  |     1 |     3 |     4 |    10 |    15 ||    33
         Mephitic Cloud    |       |       |       |     1 |    12 ||    13
         Animate Dead      |       |       |       |       |    25 ||    25
         Ignite Poison     |       |       |       |       |     5 ||     5
    Use: Potion            |       |     2 |     1 |    10 |    10 ||    23
         Scroll            |       |       |    11 |    10 |    15 ||    36
   Stab: Sleeping          |       |       |     4 |    11 |     6 ||    21
         Distracted        |       |       |       |     1 |     6 ||     7
         Petrified         |       |       |       |       |     2 ||     2
         Confused          |       |       |       |       |     2 ||     2
 Armour: Robe              |    16 |    28 |    90 |    11 |       ||   145
         Ring mail         |       |       |       |   138 |       ||   138
         Troll leather arm |       |       |       |   139 |   479 ||   618
  Dodge: Dodged            |    20 |    33 |    99 |   170 |   439 ||   761
  Block: Buckler           |     3 |    10 |    20 |       |       ||    33
         Kite shield       |       |       |    60 |   476 |   798 ||  1334
         Reflection        |       |       |       |     3 |    37 ||    40
         Other             |       |       |       |       |    50 ||    50
